cohdb
Replays
Latest Replays
All Replays
Popular Replays
Top Player Replays
Match Explorer
How It Works
Community
CoH3 Stats
Reddit
Sign in to upload your games and track your stats! →
Sign in with Steam
Match 42627472
Unlisted
Match 42627472
Overview
Messages
Build Orders
End
250 Light Carrier
Panzergrenadier Squad
Panzergrenadier Squad
Construct Light Support Kompanie
Panzergrenadier Squad
Selects Italian Infantry
Selects Defensive Operations
2.5-tonne Medical Truck
Assault Mechanized Group
Construct Mechanized Kompanie
Fire Support Elements
Selects Prepared Positions
254 Reconnaissance Tractor
Pak 38 Mechanized Group
Assault Grenadier Squad
Veteran Squad Leaders
Construct Panzerarmee Kommand
254 Reconnaissance Tractor
Assault Mechanized Group
Selects Obice 305mm Barrage
Walking Stuka Rocket Launcher
Walking Stuka Rocket Launcher
Obice 305mm Barrage
Pak 38 Mechanized Group
Flak 36 Anti-tank Gun Team
Obice 305mm Barrage
Theportuguesespirit
Морозов
Mustache and Melons
Dexy
Karadoc
Fire [Goat Company]
Rowen
LeMounky
0
0
Comments
sign in to comment!
No comments posted yet!